 Dungeon Crawl Stone Soup version 0.28.0-45-g0d030f2227 (webtiles) character file.

Game seed: 2681756818069886339

311 sanboga the Shield-Bearer (level 6, -2/39 HPs)
             Began as a Gargoyle Fighter on Apr 21, 2022.
             Slain by an ogre
             ... wielding a +0 giant club
              (14 damage)
             ... on level 4 of the Dungeon.
             The game lasted 00:03:45 (4659 turns).

sanboga the Shield-Bearer (Gargoyle Fighter)        Turns: 4659, Time: 00:03:45

Health: -2/39      AC: 12    Str: 21    XL:     6   Next: 42%
Magic:  6/6        EV:  9    Int:  9    God:
Gold:   173        SH:  4    Dex:  9    Spells: 5/5 levels left

rFire   . . .      SeeInvis .   a - +0 war axe
rCold   . . .      Faith    .   c - +0 buckler
rNeg    + . .      Spirit   .   b - +0 scale mail
rPois   ∞          Reflect  .   (no helmet)
rElec   +          Harm     .   d - +0 cloak
rCorr   .          Rampage  .   (no gloves)
Will    .....                   (no boots)
Stlth   ..........              (no amulet)
HPRegen 0.13/turn               (no ring)
MPRegen 0.10/turn               (no ring)

@: no status effects
A: sickness immunity, AC +4, negative energy resistance 1, electricity
resistance, torment resistance 1, petrification resistance
a: no special abilities


You were on level 4 of the Dungeon.
You visited 1 branch of the dungeon, and saw 4 of its levels.

You collected 173 gold pieces.

Inventory:

Hand Weapons
 a - a +0 war axe (weapon)
Armour
 b - a +0 scale mail (worn)
 c - a +0 buckler (worn)
 d - a +0 cloak (worn)
Wands
 m - a wand of polymorph (13)
Scrolls
 e - a scroll of amnesia {unknown}
 g - a scroll of brand weapon {unknown}
 h - a scroll of vulnerability {unknown}
 j - a scroll of enchant weapon {unknown}
 l - a scroll of enchant armour {unknown}
 n - a scroll of identify {unknown}
Potions
 f - a potion of brilliance {unknown}
 i - a potion of heal wounds
 k - a potion of mutation {unknown}


   Skills:
 + Level 4.4 Fighting
 * Level 4.0 Axes
 + Level 4.5 Armour
 + Level 4.5 Shields


You had 5 spell levels left.
You didn't know any spells.
Your spell library contained the following spells:

 Spells                   Type           Power      Damage    Failure   Level
 Freeze                   Ice            0%         1d3       80%         1
 Frozen Ramparts          Ice            0%         1d2       99%         3
 Hailstorm                Conj/Ice       0%         3d3       100%        4


Dungeon Overview and Level Annotations

Branches:
Dungeon (4/15)
 Temple: D:4-7

Altars:


Innate Abilities, Weirdness & Mutations

You are immune to sickness and miasma.
Your stone body is resilient. (AC +4)
You are immune to poison.
You resist negative energy. (rN+)
You are resistant to electric shocks. (rElec)
You are resistant to unholy torment.
You are immune to petrification.


Message History

a jackal corpse; a jackal corpse; a jackal corpse
Found a quarterstaff.
An ogre comes into view. It is wielding a +0 giant club.
The ogre shouts!
An ogre is nearby!
An ogre is nearby!
The ogre hits you with a +0 giant club!
You hit the ogre.
The ogre is lightly wounded.
The ogre barely misses you.
You hit the ogre.
The ogre is moderately wounded.
The ogre hits you with a +0 giant club!!
* * * LOW HITPOINT WARNING * * *
You are too injured to fight recklessly!
You are too injured to fight recklessly!
You are too injured to fight recklessly!
You are too injured to fight recklessly!
You are too injured to fight recklessly!
You are too injured to fight recklessly!
It was a potion of heal wounds.
You feel much better.
You slash the ogre!
The ogre is severely wounded.
The ogre barely misses you. The ogre hits you with a +0 giant club!
You hit the ogre.
The ogre is severely wounded.
The ogre hits you with a +0 giant club!!
Ouch! That really hurt!
* * * LOW HITPOINT WARNING * * *
You are too injured to fight recklessly!
You hit the ogre.
The ogre is severely wounded.
You block the ogre's attack.
You barely miss the ogre.
The ogre is severely wounded.
The ogre hits you but does no damage.
You hit the ogre.
The ogre is almost dead.
The ogre hits you with a +0 giant club!
You die...

.# #.# #.# # #.#
#.#######.#
#......##.#
#....O.##.###.###
#.....@..........
#......##.###.##
#......##.#
#..##.####.# #.
... #.# # ....
#.# .... #.# ....
#.# #.# #


You could see an ogre.

Vanquished Creatures
  Crazy Yiuf (D:2)
  An orc priest (D:3)
  Jessica (D:3)
  Natasha (thrice) (D:3)
  3 gnolls (D:2)
  6 adders
  3 dart slugs
  5 orcs (D:3)
  2 ball pythons
  7 bats
  5 endoplasms
  2 giant cockroaches
  3 goblins
  6 hobgoblins
  4 jackals (D:4)
  4 quokkas
  3 frilled lizards
  3 kobolds
  5 rats
67 creatures vanquished.

Vanquished Creatures (others)
  2 fungi (D:2)
2 creatures vanquished.

Grand Total: 69 creatures vanquished

Notes
Turn   | Place    | Note
-------+----------+-------------------------------------------
     0 | D:1      | sanboga the Gargoyle Fighter began the quest for the Orb.
     0 | D:1      | Reached XP level 1. HP: 14/14 MP: 1/1
   426 | D:1      | Reached XP level 2. HP: 12/19 MP: 2/2
  1169 | D:1      | Found a faded altar of an unknown god.
  1341 | D:2      | Reached XP level 3. HP: 8/23 MP: 3/3
  1687 | D:2      | Reached XP level 4. HP: 19/29 MP: 4/4
  1835 | D:2      | Found a runed translucent door.
  1836 | D:2      | Noticed Crazy Yiuf
  1842 | D:2      | Killed Crazy Yiuf
  3064 | D:3      | Noticed Jessica
  3068 | D:3      | Killed Jessica
  3069 | D:3      | Reached XP level 5. HP: 33/33 MP: 5/5
  3728 | D:3      | Noticed Natasha
  3752 | D:3      | Killed Natasha
  3753 | D:3      | Reached XP level 6. HP: 13/39 MP: 6/6
  4147 | D:3      | Noticed Natasha
  4151 | D:3      | Killed Natasha
  4538 | D:3      | Noticed Natasha
  4548 | D:3      | Killed Natasha
  4659 | D:4      | Slain by an ogre

Illustrated notes

Levels and vault maps discovered:
D:1:      scummos_arrival_hexagon, layout_basic,
          ebering_ecumenical_altar_petrified
D:2:      layout_basic, minmay_fountain_box, uniq_crazy_yiuf_cottage
D:3:      wad_pebble_path, layout_basic, uniq_jessica, uniq_natasha
D:4:      minmay_door_path, layout_rooms, lemuel_zombie_altar_yredelemnul,
          minmay_temple_entry_statues, uniq_menkaure

Skill      XL: |  1  2  3  4  5  6 |
---------------+-------------------+-----
Axes           | 2 3 4 |  4.0
Armour         | 4 |  4.5
Shields        | 4 |  4.5
Fighting       | 4 |  4.4

Action                   |  1- 3 |  4- 6 || total
-------------------------+-------+-------++-------
Melee: War axe           |    72 |   161 ||   233
  Use: Potion            |     1 |     1 ||     2
Armor: Scale mail        |    42 |   111 ||   153
Dodge: Dodged            |    38 |    92 ||   130
Block: Buckler           |    15 |    51 ||    66
